 Dungeon Crawl Stone Soup version 0.28-a0-1567-g1695149f81 (webtiles) character file.

Game seed: 16481024139207008526

53 issech the Ducker (level 3, -2/36 HPs)
             Began as a Troll Fighter on Jan 19, 2022.
             Slain by a scorpion (5 damage)
             ... on level 2 of the Dungeon.
             The game lasted 00:03:55 (1195 turns).

issech the Ducker (Troll Fighter)                   Turns: 1195, Time: 00:03:56

Health: -2/36      AC:  4    Str: 24    XL:     3   Next: 62%
Magic:  2/2        EV:  9    Int:  4    God:
Gold:   36         SH:  7    Dex: 11    Spells: 2/2 levels left

rFire   . . .      SeeInvis .   a - +0 flail
rCold   . . .      Faith    .   c - +0 kite shield
rNeg    . . .      Spirit   .   b - +0 robe
rPois   .          Reflect  .   (helmet restricted)
rElec   .          Harm     .   (no cloak)
rCorr   .          Rampage  .   (gloves unavailable)
Will    .....                   (boots unavailable)
Stlth   +.........              (no amulet)
HPRegen 0.92/turn               (no ring)
MPRegen 0.08/turn               (no ring)

@: lethally poisoned (-2 -> -3)
A: large, unfitting armour, claws 3, regeneration 1, shaggy fur 1, tough skin 1
a: no special abilities


You were on level 2 of the Dungeon.
You visited 1 branch of the dungeon, and saw 2 of its levels.

You collected 36 gold pieces.

Inventory:

Hand Weapons
 a - a +0 flail (weapon)
 i - a +0 mace
Missiles
 h - 23 bolts
 j - 2 atropa-tipped darts (quivered)
Armour
 b - a +0 robe (worn)
 c - a +0 kite shield (worn)
Scrolls
 e - a scroll of enchant weapon {unknown}
 f - a scroll of holy word {unknown}
 g - a scroll of acquirement {unknown}
 k - a scroll of teleportation {unknown}
Potions
 d - a potion of might


   Skills:
 + Level 2.7 Fighting
 + Level 2.4 Maces & Flails
 + Level 2.8 Dodging
 + Level 2.8 Shields


You had 2 spell levels left.
You didn't know any spells.
Your spell library contained the following spells:

 Spells                   Type           Power      Damage    Failure   Level
 Airstrike                Air            0%         N/A       100%        4
 Summon Lightning Spire   Summ/Air       0%         N/A       100%        4
 Lightning Bolt           Conj/Air       0%         1d11      100%        5


Dungeon Overview and Level Annotations

Branches:
Dungeon (2/15)

Altars:


Innate Abilities, Weirdness & Mutations

You are too large for most types of armour.
You have claws for hands.
Your natural rate of healing is unusually fast.
You are covered in fur. (AC +1)
You have tough skin. (AC +1)


Message History

A dart slug comes into view.
You block the bat's attack.
There is an open door here.
The bat hits you.
You hit the bat.
You kill the bat!
You closely miss the hobgoblin. The hobgoblin closely misses you.
You closely miss the hobgoblin. You block the hobgoblin's attack. x2
You closely miss the hobgoblin.
The hobgoblin hits you but does no damage.
You barely miss the hobgoblin. You block the hobgoblin's attack.
The hobgoblin hits you.
You sock the hobgoblin!
You kill the hobgoblin!
You closely miss the scorpion. The scorpion barely misses you.
The scorpion stings you but does no damage.
You barely miss the scorpion. The scorpion closely misses you.
The scorpion stings you!
You thump the scorpion!
The scorpion is heavily wounded.
The scorpion stings you.
You are poisoned.
The scorpion poisons you!
You closely miss the scorpion.
The scorpion is heavily wounded.
You feel very sick. The scorpion stings you. The scorpion stings you!
* * * LOW HITPOINT WARNING * * *
You hit the scorpion but do no damage.
The scorpion is heavily wounded.
You feel very sick. You block the scorpion's attack.
The dart slug briefly extends its eye-stalks.
The scorpion closely misses you.
You barely miss the scorpion.
The scorpion is heavily wounded.
You feel sick. The scorpion stings you.
* * * LOW HITPOINT WARNING * * *
You feel sick. The scorpion stings you.
You die...

....# #...# #...####.#
#........# #.w.....?#
##'#.....# #r####### #s#
#@# #######.# #####
#.......###### #....
#.###........#######....
#.# #........#.....#....
#.# #........#.....###..
#.# #........'.....'.'..
#.# #........#.....###..
#.# #...)....#.....# #..


You could see a scorpion, a dart slug and a quokka.

Vanquished Creatures
  An adder (D:2)
  A gnoll (D:1)
  A dart slug (D:1)
  2 ball pythons (D:1)
  2 endoplasms (D:1)
  A giant cockroach (D:1)
  5 goblins
  4 hobgoblins
  3 jackals (D:1)
  4 quokkas (D:1)
  4 bats
  A kobold (D:1)
29 creatures vanquished.

Notes
Turn   | Place    | Note
-------+----------+-------------------------------------------
     0 | D:1      | issech the Troll Fighter began the quest for the Orb.
     0 | D:1      | Reached XP level 1. HP: 22/22 MP: 0/0
   292 | D:1      | Reached XP level 2. HP: 21/29 MP: 1/1
   386 | D:1      | Found a faded altar of an unknown god.
   699 | D:1      | Reached XP level 3. HP: 36/36 MP: 2/2
  1177 | D:2      | Noticed a scorpion
  1195 | D:2      | Slain by a scorpion

Illustrated notes

Levels and vault maps discovered:
D:1:      minmay_arrival_loop, layout_basic, dilly_ecumenical_altar_fadedgnrine
D:2:      layout_basic

Skill      XL: |  1 |
---------------+----+-----
Maces & Flails | 2 |  2.4
Fighting       | |  2.7
Dodging        | |  2.8
Shields        | |  2.8

Action                   || total
-------------------------++-------
Melee: Flail             ||   119
Throw: Dart              ||     3
 Stab: Sleeping          ||     1
Armor: Robe              ||    53
Dodge: Dodged            ||    54
Block: Kite shield       ||    56

Table legend: (Time is in decaauts)
 A = Elapsed time spent in this place.
 B = Non-inter-level travel time spent in this place.
 C = Inter-level travel time spent in this place.
 D = Time resting spent in this place.
 E = Time spent auto-exploring this place.
 F = Levels seen in this place.
 G = Mean time per level.
                   A        B        C        D        E       F      G
               +--------+--------+--------+--------+--------+-----+--------+
         Total |   1245 |   1203 |     42 |      0 |    776 |   2 |  622.5 |
       Dungeon |   1245 |   1203 |     42 |      0 |    776 |   2 |  622.5 |
               +--------+--------+--------+--------+--------+-----+--------+

Top non-repeatable levels by time:
     D:1: 1078 daAuts
     D:2: 166 daAuts
